 Dungeon Crawl Stone Soup version 0.29-a0-878-g7b45a56547 (webtiles) character file.

Game seed: 6716275629974763133

0 RBrandon the Chopper (level 1, 0/19 HPs)
             Began as a Minotaur Monk on July 20, 2022.
             Slain by a quokka (4 damage)
             ... on level 1 of the Dungeon.
             The game lasted 00:00:23 (109 turns).

RBrandon the Chopper (Minotaur Monk)                 Turns: 109, Time: 00:00:24

Health: 0/19       AC:  2    Str: 15    XL:     1   Next: 8%
Magic:  0/0        EV: 12    Int:  7    God:
Gold:   0          SH:  0    Dex: 12    Spells: 0/0 levels left

rFire   . . .      SeeInvis .   a - +0 hand axe
rCold   . . .      Faith    .   (no shield)
rNeg    . . .      Spirit   .   b - +0 robe
rPois   .          Reflect  .   (helmet restricted)
rElec   .          Harm     .   (no cloak)
rCorr   .          Rampage  .   (no gloves)
Will    .....                   (no boots)
Stlth   ++........              (no amulet)
HPRegen 0.06/turn               (no ring)
MPRegen 0.07/turn               (no ring)

@: no status effects
A: horns 2, retaliatory headbutt
a: no special abilities


You were on level 1 of the Dungeon.
You visited 1 branch of the dungeon, and saw 1 of its levels.

Inventory:

Hand Weapons
 a - a +0 hand axe (weapon)
Armour
 b - a +0 robe (worn)
Scrolls
 d - a scroll of amnesia {unknown}
Potions
 c - a potion of ambrosia


   Skills:
 + Level 3.6 Fighting
 * Level 3.6 Axes
 + Level 3.3 Dodging
 - Level 1.5 Stealth


You couldn't memorise any spells.
You didn't know any spells.
Your spell library was empty.

Dungeon Overview and Level Annotations

Branches:
Dungeon (1/15)

Altars:


Innate Abilities, Weirdness & Mutations

You have a pair of horns on your head.
You reflexively headbutt those who attack you in melee.


Message History

The goblin hits you with a +0 club.
You hit the goblin but do no damage. The goblin hits you but does no damage.
You barely miss the goblin. You headbutt the goblin.
You kill the goblin!
You start resting.
HP restored.
You see here a +0 club.
d - a scroll labelled QOSHAA XITHRU A quokka comes into view.
A quokka is nearby!
A quokka is nearby!
You miss the quokka.
The quokka bites you but does no damage.
You closely miss the quokka. The quokka bites you.
You completely miss the quokka. The quokka closely misses you.
The quokka barely misses you.
You barely miss the quokka. The quokka bites you.
You miss the quokka.
You headbutt the quokka, but do no damage.
The quokka bites you.
You closely miss the quokka. Your headbutt misses the quokka.
The quokka closely misses you. You furiously retaliate!
You headbutt the quokka, but do no damage.
The quokka bites you.
* * * LOW HITPOINT WARNING * * *
You barely miss the quokka. The quokka bites you.
* * * LOW HITPOINT WARNING * * *
You hit the quokka.
The quokka is lightly wounded.
The quokka misses you. You furiously retaliate!
You headbutt the quokka. You completely miss the quokka.
The quokka is heavily wounded.
The quokka misses you.
You closely miss the quokka.
You headbutt the quokka, but do no damage.
The quokka is heavily wounded.
The quokka closely misses you.
The quokka twitches its whiskers.
The quokka bites you.
You die...

..... #. ###+# ....#
#.. .... ....#
#..###..##....#
..............#+
................
................
#..@r...... ..#.
#...####### .. #.#.#
#...########
..###.#.#
##..........
........#
#..########
........# #..#
........# #..#
........####..######
....................


You could see a quokka.

Vanquished Creatures
  A goblin (D:1)
1 creature vanquished.

Notes
Turn   | Place    | Note
-------+----------+-------------------------------------------
     0 | D:1      | RBrandon the Minotaur Monk began the quest for the Orb.
     0 | D:1      | Reached XP level 1. HP: 19/19 MP: 0/0
   109 | D:1      | Slain by a quokka

Illustrated notes

Levels and vault maps discovered:
D:1:      minmay_arrival_three_doors, layout_basic

Action                   || total
-------------------------++-------
Melee: Hand axe          ||    13
       Headbutt          ||     3
Armor: Robe              ||     2
Dodge: Dodged            ||     6

Table legend: (Time is in decaauts)
 A = Elapsed time spent in this place.
 B = Non-inter-level travel time spent in this place.
 C = Inter-level travel time spent in this place.
 D = Time resting spent in this place.
 E = Time spent auto-exploring this place.
 F = Levels seen in this place.
 G = Mean time per level.
                   A        B        C        D        E       F      G
               +--------+--------+--------+--------+--------+-----+--------+
         Total |    110 |    110 |      0 |     47 |     37 |   1 |  110.0 |
       Dungeon |    110 |    110 |      0 |     47 |     37 |   1 |  110.0 |
               +--------+--------+--------+--------+--------+-----+--------+

Top non-repeatable levels by time:
     D:1: 110 daAuts

Table legend:
 A = Kills in this place as a percentage of kills in entire the game.
 B = Kills by you in this place as a percentage of kills by you in the entire game.
 C = Kills by friends in this place as a percentage of kills by friends in the entire game.
 D = Other kills in this place as a percentage of other kills in the entire game.
 E = Experience gained in this place as a percentage of experience gained in the entire game.
 F = Experience gained in this place divided by the number of levels of this place that you have seen.
                   A       B       C       D       E      F
               +-------+-------+-------+-------+-------+----------------------
         Total | 100.0 | 100.0 |   N/A |   N/A | 100.0 |   1.0
       Dungeon | 100.0 | 100.0 |   N/A |   N/A | 100.0 |   1.0
               +-------+-------+-------+-------+-------+----------------------
